Map: [ESL] Oceanborn

Players

ONSYDERyung (Ryung)

  • Race: Terran Terran
  • Spawn Location: 11:00

LiquidMaNa (MaNa) - Winner!

  • Race: Protoss Protoss
  • Spawn Location: 5:00

Event: IEM Katowice 2024

VOD

Have the link to the VOD?

Description

Time

  • Played on: Dec. 5, 2023, 5:05 a.m.
  • Length: 11:01

All games in this series

Show
View Real Time Build Order
Export as new Build Order

ONSYDERyung Terran 

Build Orders:  

Get SALT Encoding   

  12  0:00  SCV  
  13  0:12  SCV  
  14  0:17  Supply Depot  
  14  0:24  SCV  
  15  0:38  SCV  
  15  0:40  Barracks  
  16  0:44  Refinery  
  16  0:51  SCV  
  16  0:53  Refinery  
  17  1:03  SCV  
  18  1:06  Supply Depot  
  18  1:15  SCV  
  19  1:27  Reaper  
  19  1:28  Orbital Command  
  20  1:45  Factory  
  20  1:54  SCV  
  21  2:04  Barracks Reactor  
  21  2:06  SCV  
  22  2:18  SCV  
  23  2:23  Command Center  
  23  2:30  SCV  
  23  2:35  Starport  
  24  2:42  Supply Depot  
  24  2:43  SCV  
  25  2:45  Widow Mine  
  25  2:51  Marine x2  
  29  2:55  SCV  
  29  3:07  SCV  
  29  3:08  Cyclone, Marine  
  29  3:09  Marine  
  34  3:17  Viking  
  34  3:19  SCV  
  37  3:26  Marine x2  
  39  3:34  SCV  
  39  3:41  Cyclone  
  42  3:46  SCV  
  42  3:47  Viking  
  45  3:52  Orbital Command  
  45  3:55  Supply Depot  
  45  3:59  SCV  
  45  4:02  Marine x2  
  48  4:11  SCV  
  48  4:13  Cyclone  
  51  4:17  Liberator, SCV  
  55  4:25  Marine  
  55  4:30  Supply Depot  
  55  4:31  SCV x2  
  58  4:34  Marine  
  59  4:43  Marine, SCV x2  
  62  4:50  Factory Tech Lab  
  62  4:53  Command Center  
  62  4:55  SCV x2  
  64  5:01  Starport Tech Lab  
  62  5:07  SCV x2  
  62  5:12  Marine x2  
  62  5:13  Siege Tank  
  69  5:17  Barracks, Supply Depot  
  69  5:19  SCV  
  70  5:23  SCV  
  69  5:30  Raven, Supply Depot  
  69  5:32  Barracks  
  70  5:38  SCV  
  70  5:39  SCV  
  70  5:40  Marine x2  
  70  5:41  Interference Matrix  
  73  5:43  Engineering Bay  
  73  5:44  Refinery x2  
  73  5:50  SCV  
  73  5:54  Siege Tank  
  73  5:56  SCV  
  73  6:00  Engineering Bay  
  73  6:02  SCV  
  71  6:05  Orbital Command  
  71  6:06  Raven  
  71  6:11  SCV  
  74  6:15  SCV  
  74  6:17  Barracks Tech Lab  
  75  6:24  Barracks, Barracks Tech Lab  
  75  6:26  SCV  
  75  6:27  SCV  
  75  6:31  Terran Infantry Weapons Level 1  
  75  6:32  Barracks  
  75  6:41  SCV x2  
  75  6:42  Bunker  
  75  6:46  Stimpack  
  74  6:52  Starport Reactor  
  74  6:53  Siege Tank  
  77  6:56  SCV x2  
  77  6:59  Missile Turret  
  78  7:05  Terran Infantry Armor Level 1  
  78  7:08  Marauder, Marine x2  
  81  7:11  Marauder  
  84  7:16  Supply Depot  
  84  7:20  Barracks Reactor  
  84  7:24  Supply Depot  
  84  7:27  Supply Depot  
  84  7:28  Siege Tank  
  87  7:33  Marauder x2, Marine x2  
  87  7:34  Marauder  
  94  7:37  SCV x2  
  94  7:42  Combat Shield  
  96  7:47  Supply Depot x2  
  96  7:48  Missile Turret  
  96  7:52  Medivac  
  96  7:53  Marine  
  96  7:54  Marine  
  100  8:01  Medivac  
  100  8:02  Marine x5  
  106  8:10  Missile Turret  
  106  8:12  SCV x3  
  109  8:13  Siege Tank  
  109  8:16  Marine x2  
  109  8:17  Supply Depot  
  109  8:18  Orbital Command  
  114  8:25  SCV x2  
  116  8:28  Marine x2  
  116  8:29  Medivac  
  120  8:35  Medivac  
  120  8:37  SCV x2  
  120  8:39  Refinery  
  120  8:40  Marine x2, Marauder x2, Refinery  
  130  8:44  Marauder  
  130  8:47  Concussive Shells  
  132  8:49  SCV x2  
  132  8:50  SCV  
  132  8:53  Missile Turret  
  134  9:01  Marauder  
  138  9:03  Armory, SCV x2  
  138  9:05  Supply Depot, Marine x4  
  138  9:06  Marauder  
  144  9:12  Viking  
  141  9:18  Factory Reactor  
  141  9:23  Marauder  
  141  9:24  Marauder  
  138  9:25  Marine  
  138  9:28  Marauder  
  115  9:39  Marine x3  
  115  9:42  Medivac  
  115  9:43  Medivac  
  115  9:45  Marauder x2  
  115  9:49  Marauder  
  115  9:50  SCV  
  115  9:51  Command Center  
  118  9:53  Marine  
  118  9:57  Barracks  
  118  9:58  Barracks  
  118  9:59  Widow Mine  
  123  10:00  Marine x3, Widow Mine  
  123  10:02  Barracks  
  126  10:12  Missile Turret  
  124  10:18  Viking x2  
  126  10:22  Marine x4  
  126  10:26  Marine  
  108  10:34  SCV x2  
  105  10:35  Widow Mine x2  
Show
View Real Time Build Order
Export as new Build Order

LiquidMaNa Protoss - Winner!

Build Orders: 1 Gate Expand, Phoenix Opening, Colossus Rush 

Get SALT Encoding   

  12  0:00  Probe  
  13  0:12  Probe  
  14  0:17  Pylon  
  14  0:24  Probe  
  15  0:36  Probe (Chrono Boost)  
  15  0:40  Gateway  
  16  0:46  Probe (Chrono Boost)  
  17  0:51  Probe (Chrono Boost)  
  17  0:54  Assimilator  
  18  1:03  Probe  
  19  1:15  Probe  
  20  1:26  Cybernetics Core  
  20  1:27  Probe  
  21  1:42  Nexus  
  21  1:49  Pylon  
  21  1:51  Probe  
  22  1:58  Assimilator  
  22  2:02  Adept (Chrono Boost)  
  22  2:07  Probe  
  24  2:19  Probe  
  25  2:25  Stalker  
  27  2:31  Probe  
  28  2:42  Stargate  
  28  2:43  Probe (Chrono Boost)  
  29  2:44  Warp Gate  
  29  2:49  Shield Battery  
  29  2:55  Probe (Chrono Boost)  
  30  3:02  Probe (Chrono Boost)  
  30  3:04  Probe (Chrono Boost)  
  33  3:14  Probe x2 (Chrono Boost)  
  34  3:22  Probe (Chrono Boost)  
  34  3:24  Probe (Chrono Boost)  
  34  3:26  Phoenix  
  38  3:27  Robotics Facility  
  38  3:31  Assimilator x2  
  38  3:32  Probe (Chrono Boost)  
  39  3:39  Probe (Chrono Boost)  
  41  3:42  Pylon  
  41  3:43  Probe (Chrono Boost)  
  41  3:48  Probe (Chrono Boost)  
  42  3:51  Phoenix (Chrono Boost)  
  44  3:55  Pylon  
  44  4:00  Probe x2  
  46  4:09  Phoenix (Chrono Boost)  
  46  4:12  Probe x2  
  46  4:16  Robotics Bay  
  50  4:17  Observer (Chrono Boost)  
  51  4:26  Pylon  
  51  4:30  Immortal (Chrono Boost)  
  50  4:36  Stalker  
  56  4:43  Probe  
  56  4:44  Shield Battery  
  57  4:45  Probe  
  57  4:50  Observer  
  58  4:55  Phoenix  
  60  5:05  Colossus (Chrono Boost)  
  66  5:15  Probe  
  66  5:20  Phoenix  
  69  5:24  Probe  
  69  5:27  Pylon  
  70  5:30  Pylon  
  70  5:37  Probe x2  
  66  5:49  Probe x2  
  68  5:56  Colossus  
  74  6:01  Probe x2  
  74  6:08  Stalker  
  74  6:11  Phoenix  
  78  6:13  Probe x2  
  80  6:25  Probe  
  80  6:26  Nexus  
  80  6:32  Probe  
  81  6:36  Phoenix  
  81  6:38  Probe  
  82  6:44  Probe  
  83  6:47  Sentry  
  83  6:50  Probe  
  83  6:52  Pylon  
  86  6:59  Pylon  
  86  7:00  Twilight Council  
  86  7:07  Forge  
  86  7:09  Gateway  
  86  7:10  Probe, Colossus  
  86  7:12  Extended Thermal Lance (Chrono Boost)  
  86  7:13  Probe  
  94  7:23  Probe  
  94  7:26  Probe  
  94  7:28  Gateway  
  94  7:29  Charge  
  96  7:33  Phoenix, Pylon  
  96  7:35  Probe  
  99  7:43  Gateway  
  99  7:46  Zealot  
  99  7:47  Probe x3  
  104  7:51  Protoss Ground Armor Level 1 (Chrono Boost)  
  104  7:56  Gateway  
  104  8:04  Phoenix  
  104  8:05  Probe x2  
  108  8:11  Gateway x2  
  108  8:13  Immortal (Chrono Boost)  
  112  8:29  Gateway x2  
  112  8:33  Templar Archives  
  112  8:37  Gateway  
  112  8:39  Gateway  
  112  8:40  Probe x2  
  112  8:46  Shield Battery  
  112  8:47  Zealot x3, Pylon  
  118  8:55  Sentry, Zealot  
  122  8:58  Probe x2  
  124  9:03  Nexus  
  124  9:08  Photon Cannon  
  124  9:09  Observer (Chrono Boost)  
  125  9:20  Zealot x5  
  113  9:32  Zealot x5  
  113  9:33  Probe  
  113  9:37  Zealot  
  106  9:40  Probe  
  106  9:43  Zealot x3  
  109  9:47  High Templar x2  
  109  9:52  Archon  
  113  9:58  Zealot x6  
  125  10:04  Zealot  
  125  10:05  Zealot  
  125  10:06  Zealot  
  129  10:20  Zealot x5  
  139  10:26  Zealot x3  
  129  10:38  Stalker x3  
  129  10:40  Probe x3  
  128  10:54  Zealot x7  

Tags
 
Add a new tag
Caveats
  • Supply blocks, unpowered buildings, or Contaminate may cause inaccurate times.
  • Supply counts are checked every 10 seconds.